 Dungeon Crawl Stone Soup version 0.20.1-1-g8b1a95d (webtiles) character file.

90 Gremour the Slasher (level 4, -1/35 HPs)
             Began as a Demonspawn Fighter on Dec 9, 2017.
             Killed from afar by an orc wizard (11 damage)
             ... with a puff of frost
             ... on level 3 of the Dungeon.
             The game lasted 00:10:27 (2162 turns).

Gremour the Slasher (Demonspawn Fighter)            Turns: 2162, Time: 00:10:28

Health: -1/35      AC:  7    Str: 17    XL:     4   Next: 32%
Magic:  4/4        EV:  6    Int:  9    God:
Gold:   123        SH:  7    Dex: 13    Spells: 3/3 levels left

rFire    . . .     SeeInvis .   a - +0 long sword
rCold    . . .     Gourm    .   c - +0 shield
rNeg     . . .     Faith    .   b - +0 scale mail
rPois    .         Spirit   .   (no helmet)
rElec    .         Reflect  .   (no cloak)
rCorr    .         Harm     .   (no gloves)
MR       .....                  p - +0 pair of boots
Stlth    ..........             (no amulet)
Regen    0.2/turn               (no ring)
MPRegen  0.1/turn               (no ring)

@: hasted, extremely drained, very quick
A: claws 1, talons 2
a: no special abilities


You were on level 3 of the Dungeon.
You were not hungry.

You visited 1 branch of the dungeon, and saw 3 of its levels.

You collected 123 gold pieces.

Inventory:

Hand Weapons
 a - a +0 long sword (weapon)
 s - a +0 short sword of flaming
Armour
 b - a +0 scale mail (worn)
 c - a +0 shield (worn)
 k - a +0 leather armour of cold resistance
 p - a +0 pair of boots (worn)
 t - a cursed +0 pair of gloves
Scrolls
 e - a scroll of fear {unknown}
 j - 3 scrolls of recharging {unknown}
 l - a scroll of blinking {unknown}
 m - a scroll of amnesia {unknown}
 o - a scroll of fog {unknown}
 r - a scroll of enchant armour {unknown}
Potions
 d - a potion of haste
 h - a potion of brilliance
 i - a potion of berserk rage {unknown}
Books
 n - a book of Cantrips

   Spells                             Type                      Level
   a - Confusing Touch                Hexes                        1
   b - Animate Skeleton               Necromancy                   1
   c - Summon Small Mammal            Summoning                    1
   d - Apportation                    Translocation                1
Comestibles
 f - 2 bread rations
 g - a meat ration
 q - 4 chunks of flesh


   Skills:
 - Level 3.0(0.0) Fighting
 + Level 4.2(0.0) Long Blades
 - Level 2.6(0.0) Armour
 - Level 2.6(0.0) Shields


You had 3 spell levels left.
You didn't know any spells.

Dungeon Overview and Level Annotations

Branches:
Dungeon (3/15)

Altars:
Elyvilon
Kikubaaqudgha
Sif Muna
Vehumet
Zin


Innate Abilities, Weirdness & Mutations

You have sharp fingernails.
You have razor-sharp toenails.


Message History

You closely miss something. Something hits you but does no damage.
You feel drained.
You barely miss something. Something hits you.
You feel drained. Something hits you.
You feel drained. Something hits you.
* * * LOW HITPOINT WARNING * * *
You feel drained.
* * * LOW HITPOINT WARNING * * *
You barely miss something. Something hits you but does no damage.
You feel drained.
You hear some strange, mumbled words.
A puff of flame appears from out of thin air!
The puff of flame misses you.
It was a potion of haste.
You feel yourself speed up. You block something's attack.
You miss something. Something hits you but does no damage.
You feel drained.
You miss something.
You hear some strange, mumbled words.
A puff of frost appears from out of thin air!
The puff of frost hits you!
You die...

#. #....>.# #.
#......# ######.
#......# .....#.
#......# #...###
#......# .# #....#
#...o..#
.######..######o###
..# #......# #{#
#.# #.#.##.# #@#
#.###.#.>#.###.##
###..##.#.........#
.))........#...####
###........###..#
######...# ####
#...# #...# #...#


You could see 2 orcs.

Vanquished Creatures
  An orc wizard (D:3)
  An ooze (D:1)
  2 leopard geckos
  9 orcs
  A giant cockroach (D:2)
  3 goblins
  5 hobgoblins
  4 jackals (D:2)
  A quokka (D:3)
  2 ball pythons (D:1)
  5 bats
  3 frilled lizards
  3 kobolds
  7 rats
47 creatures vanquished.

Notes
Turn   | Place    | Note
-------+----------+-------------------------------------------
     0 | D:1      | Gremour the Demonspawn Fighter began the quest for the Orb.
     0 | D:1      | Reached XP level 1. HP: 18/18 MP: 1/1
    76 | D:1      | Reached skill level 2 in Long Blades
   268 | D:1      | Gained mutation: You have sharp toenails. [demonic ancestry]
   268 | D:1      | Reached XP level 2. HP: 24/24 MP: 2/2
   849 | D:2      | Reached skill level 3 in Long Blades
   862 | D:2      | Found a white marble altar of Elyvilon.
   878 | D:2      | Found a deep blue altar of Sif Muna.
   878 | D:2      | Found a radiant altar of Vehumet.
  1276 | D:2      | Gained mutation: You have razor-sharp toenails. [demonic ancestry]
  1276 | D:2      | Reached XP level 3. HP: 29/29 MP: 3/3
  1364 | D:2      | Found a glowing silver altar of Zin.
  1477 | D:2      | Found an ancient bone altar of Kikubaaqudgha.
  1774 | D:3      | Reached skill level 4 in Long Blades
  1774 | D:3      | Gained mutation: You have sharp fingernails. [demonic ancestry]
  1774 | D:3      | Reached XP level 4. HP: 5/35 MP: 4/4
  2162 | D:3      | Killed from afar by an orc wizard

Skill      XL: |  1  2  3 |
---------------+----------+-----
Long Blades    | 2 3 4 |  4.2
Fighting       | |  3.0
Armour         | |  2.6
Shields        | |  2.6

Action                   |  1- 3 |  4- 6 || total
-------------------------+-------+-------++-------
Melee: Long sword        |   101 |    38 ||   139
       Kick              |    10 |       ||    10
  Use: Potion            |     2 |     1 ||     3
  Eat: Chunk             |     3 |     1 ||     4
Armor: Scale mail        |    80 |    21 ||   101
Dodge: Dodged            |    48 |     3 ||    51
Block: Shield            |    56 |    13 ||    69
       Rpst.: Long sword |    14 |     1 ||    15
